 Dungeon Crawl Stone Soup version 0.29.1-13-g9f3cf754e1 (webtiles) character file.

Game seed: 1363059443574302198

46 sweetbreads the Digger (level 3, -4/19 HPs)
             Began as a Gargoyle Earth Elementalist on Jan 23, 2023.
             Slain by a goblin
             ... wielding a +0 club
             ... led by Robin
              (6 damage)
             ... on level 2 of the Dungeon.
             The game lasted 00:05:17 (1760 turns).

sweetbreads the Digger (GrEE)                       Turns: 1760, Time: 00:05:17

Health: -4/19      AC:  5    Str: 11    XL:     3   Next: 66%
Magic:  0/6        EV: 12    Int: 17    God:
Gold:   75         SH:  0    Dex: 10    Spells: 2/6 levels left

rFire   . . .      SeeInvis .   (no weapon)
rCold   . . .      Faith    .   (no shield)
rNeg    + . .      Spirit   .   a - +0 robe
rPois   ∞          Reflect  .   (no helmet)
rElec   +          Harm     .   i - scarf {repulsion}
rCorr   .          Rampage  .   (no gloves)
Will    .....                   (no boots)
Stlth   ++........              (no amulet)
HPRegen 0.06/turn               (no ring)
MPRegen 0.10/turn               (no ring)

@: about to teleport, repel missiles
A: sickness immunity, AC +3, negative energy resistance 1, electricity
resistance, torment resistance 1, petrification resistance
a: no special abilities


You were on level 2 of the Dungeon.
You visited 1 branch of the dungeon, and saw 2 of its levels.

You collected 75 gold pieces.

Inventory:

Armour
 a - a +0 robe (worn)
 i - a scarf of repulsion (worn)
Scrolls
 f - a scroll of poison {unknown}
 j - a scroll of amnesia {unknown}
Potions
 b - a potion of magic
 c - 2 potions of heal wounds {unknown}
 d - a potion of lignification {unknown}
 e - 2 potions of degeneration {unknown}
 g - a potion of haste {unknown}


   Skills:
 * Level 1.9 Dodging
 * Level 2.8 Stealth
 - Level 2.0 Spellcasting
 - Level 1.0 Transmutations
 + Level 4.8 Earth Magic


You had 2 spell levels left.
You knew the following spells:

 Your Spells              Type           Power      Damage    Failure   Level
a - Sandblast             Erth           36%        2d10      2%          1
b - Stone Arrow           Conj/Erth      18%        3d8       22%         3

Your spell library contained the following spells:

 Spells                   Type           Power      Damage    Failure   Level
 Passwall                 Tmut/Erth      9%         N/A       9%          2
 Gell's Gravitas          Tloc           1%         N/A       50%         3
 Lesser Beckoning         Tloc           1%         N/A       50%         3
 Teleport Other           Tloc           1%         N/A       50%         3
 Petrify                  Tmut/Erth      11%        N/A       50%         4


Dungeon Overview and Level Annotations

Branches:
Dungeon (2/15)

Altars:

Shops:
D:1 =

Annotations:
D:2 Robin


Innate Abilities, Weirdness & Mutations

You are immune to sickness and miasma.
Your stone body is resilient. (AC +3)
You are immune to poison.
You resist negative energy. (rN+)
You are resistant to electric shocks. (rElec)
You are resistant to unholy torment.
You are immune to petrification.


Message History

Casting: Sandblast (safe; 2% risk of failure)
Confirm with . or Enter, or press ? or * to list all spells.
Aiming: Sandblast (safe; 2% risk of failure)
Press: ? - help, Shift-Dir - straight line, f - goblin
Aim: a goblin, wielding a +0 dagger (strong, 77% to hit)
The blast of sand hits the goblin.
You kill the goblin!
The hobgoblin hits you.
Unknown command.
Unknown command.
Robin throws the goblin at you!
Items here: )))) ††.
Unknown command.
Unknown command.
The hobgoblin attacks as you move away! The hobgoblin completely misses you.
The goblin barely misses you.
Casting: Sandblast (safe; 2% risk of failure)
Confirm with . or Enter, or press ? or * to list all spells.
Aiming: Sandblast (safe; 2% risk of failure)
Press: ? - help, Shift-Dir - straight line, f - goblin
Aim: a goblin, wielding a +0 club (strong, 77% to hit)
The blast of sand hits the goblin!
You kill the goblin!
The hobgoblin hits you.
* * * LOW HITPOINT WARNING * * *
Unknown command.
Casting: Sandblast (safe; 2% risk of failure)
Confirm with . or Enter, or press ? or * to list all spells.
You don't have enough magic to cast this spell.
The hobgoblin attacks as you move away! The hobgoblin closely misses you.
The hobgoblin attacks as you move away! The hobgoblin hits you.
* * * LOW HITPOINT WARNING * * *
The hobgoblin no longer looks unusually strong.
Robin throws the goblin at you!
As you read the scroll labelled MEESAO SENK, it crumbles to dust.
You feel strangely unstable.
It was a scroll of teleportation.
The hobgoblin no longer looks unusually strong.
The hobgoblin hits you but does no damage.
The goblin hits you with a +0 club.
You die...

#.........## ....
##........... .....
............########.g....
................g).gJ.....
.......#+#.....#)###g.....
..######.#.....#g# ..... ..#
#.#.....#.# .... ..#
#.#.....#g# ### ..#
#.#.....#@# <.# #.##.#(.#g#
#.######'##.#....#
#.#.......#.#....#
#.#.......#.#....#
#.#.......#.#.#### #...#
(.#.......#.#.# ...# ###
..#...........# ... ..#
..#.........###########.###.#


You could see Robin, 2 hobgoblins and a goblin (strong).

Vanquished Creatures
  A worm (D:2)
  A dart slug (D:1)
  3 endoplasms
  A giant cockroach (D:1)
  3 hobgoblins
  4 quokkas
  3 ball pythons
  6 bats
  4 frilled lizards (D:1)
  9 goblins
  2 kobolds
  3 rats (D:1)
40 creatures vanquished.

Notes
Turn   | Place    | Note
-------+----------+-------------------------------------------
     0 | D:1      | sweetbreads the Gargoyle Earth Elementalist began the quest
                  | for the Orb.
     0 | D:1      | Reached XP level 1. HP: 10/10 MP: 3/3
   174 | D:2      | Reached skill level 1 in Transmutations
   174 | D:2      | Reached skill level 4 in Earth Magic
   174 | D:2      | Reached XP level 2. HP: 13/15 MP: 1/5
   887 | D:1      | Found a faded altar of an unknown god.
   920 | D:1      | Reached XP level 3. HP: 19/19 MP: 4/6
   924 | D:1      | Learned a level 3 spell: Stone Arrow
  1050 | D:1      | Found Cunulo Bunyr's One-of-a-Kind Rings.
  1746 | D:2      | Noticed Robin
  1760 | D:2      | Slain by a goblin

Illustrated notes

Levels and vault maps discovered:
D:1:      spicycebolla_arrival_risky_transporter, layout_loops_cross,
          shapermc_ecumenical_altar_venn, nicolae_shop_unique_rings
D:2:      layout_basic, uniq_robin

Skill      XL: |  1 |
---------------+----+-----
Transmutations | 1 |  1.0
Earth Magic    | 4 |  4.8
Dodging        | |  1.9
Stealth        | |  2.8
Spellcasting   | |  2.0

Action                   || total
-------------------------++-------
Melee: Unarmed           ||     1
 Cast: Sandblast         ||    49
  Use: Scroll            ||     1
Armor: Robe              ||    10
Dodge: Dodged            ||    22
